 Dungeon Crawl Stone Soup version 0.29-a0-275-g389c0b56f3 (webtiles) character file.

Game seed: 18049215650105552441

28 spaghetti the Shooter (level 2, 0/21 HPs)
             Began as a Mummy Arcane Marksman on Mar 11, 2022.
             Slain by a scorpion (3 damage)
             ... on level 2 of the Dungeon.
             The game lasted 00:02:00 (980 turns).

spaghetti the Shooter (Mummy Arcane Marksman)        Turns: 980, Time: 00:02:01

Health: 0/21       AC:  2    Str: 13    XL:     2   Next: 96%
Magic:  1/4        EV: 12    Int: 12    God:
Gold:   44         SH:  0    Dex: 12    Spells: 2/3 levels left

rFire   x . .      SeeInvis .   a - +0 shortbow {bow}
rCold   + . .      Faith    .   (shield currently unavailable)
rNeg    + + +      Spirit   .   b - +0 robe
rPois   ∞          Reflect  .   (no helmet)
rElec   .          Harm     .   (no cloak)
rCorr   .          Rampage  .   (no gloves)
Will    .....                   (no boots)
Stlth   ..........              h - amulet of regeneration {@e2}
HPRegen 0.87/turn               (no ring)
MPRegen 0.09/turn               (no ring)

@: silenced
A: cold resistance 1, negative energy resistance 3, torment resistance 2, heat
vulnerability 1, no potions
a: no special abilities


You were on level 2 of the Dungeon.
You visited 1 branch of the dungeon, and saw 2 of its levels.

You collected 44 gold pieces.


Innate Abilities, Weirdness & Mutations

You are immune to poison.
Your flesh is cold resistant. (rC+)
You are immune to negative energy. (rN+++)
You are immune to unholy pain and torment.
You are vulnerable to heat. (rF-)
You do not drink.


   Skills:
 - Level 1.0 Fighting
 + Level 2.9 Bows
 - Level 1.5 Dodging
 - Level 1.3 Spellcasting
 - Level 2.6 Hexes


You had 2 spell levels left.
You knew the following spells:

 Your Spells              Type           Power      Damage    Failure   Level
a - Slow                  Hex            28%        N/A       10%         1

Your spell library contained the following spells:

 Spells                   Type           Power      Damage    Failure   Level
 Inner Flame              Hex/Fire       4%         N/A       45%         3
 Portal Projectile        Hex/Tloc       8%         N/A       45%         3
 Cause Fear               Hex            3%         N/A       67%         4

Inventory:

Hand Weapons
 a - a +0 shortbow (weapon) {bow}
Missiles
 d - 29 stones {throwing}
Armour
 b - a +0 robe (worn)
Jewellery
 h - an amulet of regeneration (around neck) {@e2}
   (You found it on level 1 of the Dungeon)
Scrolls
 c - a scroll of vulnerability {!r!r}
 e - a scroll of immolation {!r!r}
 i - a scroll of amnesia {unknown}

Dungeon Overview and Level Annotations

Branches:
Dungeon (2/15)

Altars:

#########
#.s.....# #@#
####.#####.##
#............
#.##.#####...
#.##.####....
#............
####.########
#.# #.#


You could see a scorpion.


Message History

Aim: a scorpion (lightly wounded, chance to affect: 44%)
You miscast Slow.
You are very lightly contaminated with residual magic.
Nothing appears to happen.
The scorpion stings you. 😮 HP[-3] MP[-1]
You take 3 damage, and now have 14/21 hp.
You lost 1 mp, and now have 3/4 mp.
Casting: Slow (safe; 10% risk of failure)
Confirm with . or Enter, or press ? or * to list all spells.
Aiming: Slow (safe; 10% risk of failure)
Press: ? - help, Shift-Dir - straight line, f/p - scorpion
Aim: a scorpion (lightly wounded, chance to affect: 44%)
The scorpion resists with some effort.
The scorpion stings you. x2 😮 HP[-2] MP[-1]
You take 2 damage, and now have 12/21 hp.
You lost 1 mp, and now have 2/4 mp.
Casting: Slow (safe; 10% risk of failure)
Confirm with . or Enter, or press ? or * to list all spells.
Aiming: Slow (safe; 10% risk of failure)
Press: ? - help, Shift-Dir - straight line, f/p - scorpion
Aim: a scorpion (lightly wounded, chance to affect: 44%)
The scorpion resists with some effort.
The scorpion misses you. 😮 HP[+1] MP[-1]
You lost 1 mp, and now have 1/4 mp.
Casting: Slow (safe; 10% risk of failure)
Confirm with . or Enter, or press ? or * to list all spells.
Aiming: Slow (safe; 10% risk of failure)
Press: ? - help, Shift-Dir - straight line, f/p - scorpion
Aim: a scorpion (lightly wounded, chance to affect: 44%)
You miscast Slow.
Nothing appears to happen.
The scorpion barely misses you. 😮 MP[-1]
You lost 1 mp, and now have 0/4 mp.
You can't drink.
As you read the scroll labelled DYSURCH IMAO, it crumbles to dust.
It is a scroll of identify.
e - a scroll of immolation The scorpion stings you. 😮 HP[-1]
You take 1 damage, and now have 12/21 hp.
As you read the scroll labelled CEZON IJUN, it crumbles to dust.
A profound silence engulfs you.
It was a scroll of silence.
The scorpion stings you. 😮 HP[-1]
You take 1 damage, and now have 11/21 hp.
Magic scrolls do not work when you're silenced!
You aren't carrying any items that you can evoke.
Shoot: a) +0 shortbow {bow}
Press: ? - help, Q - select action, (/) - cycle Shift-Dir - straight line, f/p - scorpion
Aim: a scorpion (silenced, lightly wounded, 57% to hit)
You shoot an arrow.
The arrow hits the scorpion but does no damage.
The scorpion closely misses you.
The scorpion barely misses you. 😮 HP[+1] Shoot: a) +0 shortbow {bow}
Press: ? - help, Q - select action, (/) - cycle Shift-Dir - straight line, f/p - scorpion
Aim: a scorpion (silenced, lightly wounded, 57% to hit)
You shoot an arrow. The arrow barely misses the scorpion.
The scorpion barely misses you. The scorpion stings you.
Shoot: a) +0 shortbow {bow}
Press: ? - help, Q - select action, (/) - cycle Shift-Dir - straight line, f/p - scorpion
Aim: a scorpion (silenced, lightly wounded, 57% to hit)
You shoot an arrow. The arrow closely misses the scorpion.
The scorpion barely misses you. 😮 HP[+2]
You regained 2 hp, and now have 14/21 hp.
Shoot: a) +0 shortbow {bow}
Press: ? - help, Q - select action, (/) - cycle Shift-Dir - straight line, f/p - scorpion
Aim: a scorpion (silenced, lightly wounded, 57% to hit)
You shoot an arrow.
The arrow hits the scorpion but does no damage.
The scorpion stings you. x2
* * * LOW HITPOINT WARNING * * *
😨 HP[-6] MP[+1]
You take 6 damage, and now have 8/21 hp.
MASSIVE DAMAGE!! (PAUSE) Shoot: a) +0 shortbow {bow}
Press: ? - help, Q - select action, (/) - cycle Shift-Dir - straight line, f/p - scorpion
Aim: a scorpion (silenced, lightly wounded, 57% to hit)
You shoot an arrow. The arrow hits the scorpion!
The scorpion barely misses you. 😨 HP[+1] Shoot: a) +0 shortbow {bow}
Press: ? - help, Q - select action, (/) - cycle Shift-Dir - straight line, f/p - scorpion
Aim: a scorpion (silenced, severely wounded, 57% to hit)
You shoot an arrow. The arrow hits the scorpion.
The scorpion closely misses you. The scorpion stings you.
* * * LOW HITPOINT WARNING * * *
Your magical contamination has completely faded away. 😱 HP[-4]
You take 4 damage, and now have 5/21 hp.
Shoot: a) +0 shortbow {bow}
Press: ? - help, Q - select action, (/) - cycle Shift-Dir - straight line, f/p - scorpion
Aim: a scorpion (silenced, almost dead, 57% to hit)
You shoot an arrow.
The arrow hits the scorpion but does no damage.
The scorpion stings you.
* * * LOW HITPOINT WARNING * * *
The scorpion stings you.
You die...

Skill      XL: |  1 |
---------------+----+-----
Bows           | 2 |  2.9
Fighting       | |  1.0
Dodging        | |  1.5
Spellcasting   | |  1.3
Hexes          | |  2.6

Action                   || total
-------------------------++-------
 Fire: Shortbow          ||    64
 Cast: Slow              ||     6
  Use: Scroll            ||     2
Armor: Robe              ||    10
Dodge: Dodged            ||    34

Levels and vault maps discovered:
D:1:      minmay_arrival_four_houses, layout_basic, basic_ecumenical_altar
D:2:      layout_loops_corners, uniq_crazy_yiuf_cottage

Notes
Turn   | Place    | Note
-------+----------+-------------------------------------------
     0 | D:1      | spaghetti the Mummy Arcane Marksman began the quest for the
                  | Orb.
     0 | D:1      | Reached XP level 1. HP: 15/15 MP: 2/2
     0 | D:1      | magus.rc [v1.9.6]
    39 | D:1      | HP: 3/15 [quokka (3)]
   429 | D:1      | Reached skill level 2 in Bows
   447 | D:1      | Reached XP level 2. HP: 21/21 MP: 4/4
   792 | D:1      | Found a faded altar of an unknown god.
   965 | D:2      | Noticed a scorpion
   979 | D:2      | HP: 5/21 [scorpion (5)]
   980 | D:2      | Slain by a scorpion

Vanquished Creatures
  2 dart slugs (D:1)
  An endoplasm (D:1)
  2 giant cockroaches (D:1)
  A goblin (D:1)
  2 hobgoblins (D:1)
  3 quokkas
  3 bats (D:1)
  4 kobolds (D:1)
  3 rats
21 creatures vanquished.

Table legend:
 A = Non-vault XP
 B = Vault XP
 C = Vault XP percentage of total XP
 D = Non-vault monster count
 E = Vault monster count
 F = Vault count percentage of total count
                 A         B        C        D         E       F
            +---------+---------+-------+---------+---------+-------
      Total |      40 |       0 |   0.0 |      21 |       0 |   0.0
            +---------+---------+-------+---------+---------+-------
        D:1 |      35 |       0 |   0.0 |      18 |       0 |   0.0
        D:2 |       5 |       0 |   0.0 |       3 |       0 |   0.0
            +---------+---------+-------+---------+---------+-------

Illustrated notes

Table legend:
 A = Kills in this place as a percentage of kills in entire the game.
 B = Kills by you in this place as a percentage of kills by you in the entire game.
 C = Kills by friends in this place as a percentage of kills by friends in the entire game.
 D = Other kills in this place as a percentage of other kills in the entire game.
 E = Experience gained in this place as a percentage of experience gained in the entire game.
 F = Experience gained in this place divided by the number of levels of this place that you have seen.
                   A       B       C       D       E      F
               +-------+-------+-------+-------+-------+----------------------
         Total | 100.0 | 100.0 |   N/A |   N/A | 100.0 |  20.0
       Dungeon | 100.0 | 100.0 |   N/A |   N/A | 100.0 |  20.0
               +-------+-------+-------+-------+-------+----------------------

Table legend: (Time is in decaauts)
 A = Elapsed time spent in this place.
 B = Non-inter-level travel time spent in this place.
 C = Inter-level travel time spent in this place.
 D = Time resting spent in this place.
 E = Time spent auto-exploring this place.
 F = Levels seen in this place.
 G = Mean time per level.
                   A        B        C        D        E       F      G
               +--------+--------+--------+--------+--------+-----+--------+
         Total |   1003 |    997 |      6 |    133 |    708 |   2 |  501.5 |
       Dungeon |   1003 |    997 |      6 |    133 |    708 |   2 |  501.5 |
               +--------+--------+--------+--------+--------+-----+--------+

Top non-repeatable levels by time:
     D:1: 855 daAuts
     D:2: 148 daAuts
